 Dungeon Sprint DCSS version 0.19-a0-1907-gcff654f (webtiles) character file.

19393 0nlyNaCj the Bludgeoner (level 12, -10/129 HPs)
             Began as a Deep Dwarf Fighter on Oct 21, 2016.
             Was the Champion of Makhleb.
             Shot with a bolt by a yaktaur captain (33 damage)
             ... in the Dungeon (Sprint IX: "|||||||||||||||||||||||||||||").
             The game lasted 00:07:26 (1732 turns).

0nlyNaCj the Bludgeoner (Deep Dwarf Fighter)        Turns: 1732, Time: 00:07:27

Health: -10/129    AC: 25    Str: 29    XL:     12   Next: 36%
Magic:  20/20      EV: 10    Int: 10    God:    Makhleb [******]
Gold:   1000       SH: 15    Dex: 19    Spells: 0 memorised, 11 levels left

rFire  . . .     SeeInvis .     I - +7 mace of Fymiex {freeze, -Tele rC++ rN++}
rCold  + . .     Gourm    .     a - +3 scale mail of the Failed Coup {rC- Str+8}
rNeg   + + .     Faith    +     c - +0 shield
rPois  .         Spirit   .     (helmet restricted)
rElec  .         Reflect  .     L - +1 cloak
rCorr  .         Harm     .     b - +2 pair of gloves {Str+3}
MR     +....     NoTele   +     M - +1 pair of boots
Stlth  ..........               d - amulet of faith
                                v - +3 ring of dexterity
                                u - +2 ring of protection

@: non-regenerating
A: damage resistance, recharge devices, antennae 1, sense surroundings 2, shaggy
fur 1, slow regeneration 3, weak 1
a: Device Recharging, Minor Destruction, Lesser Servant of Makhleb, Major
Destruction, Greater Servant of Makhleb, Renounce Religion


You were in the Dungeon.
You worshipped Makhleb.
Makhleb was exalted by your worship.
You were hungry.

You visited 1 branch You collected 1906 gold pieces.
You spent 906 gold pieces at shops.

Inventory:

Hand Weapons
 r - the +2 morningstar "Viser" {chaos, *Noise rElec Str+4 SInv}
   (You found it in the Dungeon)

   Each time it hits an enemy it has a different, random effect.
   It affects your strength (+4).
   It insulates you from electricity.
   It lets you see invisible.
   It may make noises in combat.
 I - the +7 mace of Fymiex (weapon) {freeze, -Tele rC++ rN++}
   (You found it in the Dungeon)

   It has been specially enchanted to freeze those struck by it, causing extra
   injury to most foes and up to half again as much damage against particularly
   susceptible opponents.
   It can also slow down cold-blooded creatures.
   It greatly protects you from cold.
   It greatly protects you from negative energy.
   It prevents most forms of teleportation.
Armour
 a - the +3 scale mail of the Failed Coup (worn) {rC- Str+8}
   (You bought it in a shop in the Dungeon)

   It affects your strength (+8).
   It makes you vulnerable to cold.
 b - a +2 pair of gloves of strength (worn)
 c - a +0 shield (worn)
 D - a +0 helmet
 J - +1 fire dragon scales
 L - a +1 cloak (worn)
 M - a +1 pair of boots (worn)
Jewellery
 d - an amulet of faith (around neck)
 u - a +2 ring of protection (left hand)
 v - a +3 ring of dexterity (right hand)
 F - an uncursed ring of ice
 G - an uncursed ring of ice
 H - an uncursed ring of protection from cold
Wands
 e - a wand of heal wounds (4/9)
 q - a wand of iceblast (6/15)
Scrolls
 k - 3 scrolls of enchant weapon
 l - 2 scrolls of blinking
 o - 4 scrolls of remove curse
 p - 2 scrolls of amnesia
 t - a scroll of identify
 y - 2 scrolls of recharging
 z - 10 scrolls of enchant armour
Potions
 g - 7 potions of curing
 h - 7 potions of heal wounds
 i - a potion of haste
 j - 4 potions of magic
 m - 2 potions of brilliance
 n - a potion of invisibility
 s - a potion of cure mutation
 w - a potion of resistance
 x - a potion of agility
 E - a potion of lignification {unknown}
Comestibles
 f - 13 bread rations
 B - 40 fruits
 C - 12 meat rations


   Skills:
 + Level 14.8 Fighting
 + Level 15.8 Maces & Flails
 - Level 15.1 Armour
 - Level 15.2 Shields
 + Level 10.7 Invocations
 + Level 10.7 Evocations


You had 11 spell levels left.
You didn't know any spells.

Dungeon Overview and Level Annotations

Branches:
Dungeon (1/1)

Altars:
Cheibriados
Dithmenos
Elyvilon
Fedhas
Gozag
Hepliaklqana
Kikubaaqudgha
Makhleb
Nemelex Xobeh
Okawaru
Qazlal
Ru
Sif Muna
Trog
Uskayaw
Vehumet
Xom
Yredelemnul
Zin
The Shining One
Beogh
Jiyva
Lugonu

Shops:
D [%*(


Innate Abilities, Weirdness & Mutations

You are resistant to damage.
You can recharge devices by infusing magical energy.
You passively map the area around you.
You do not regenerate.
You have a pair of small antennae on your head.
You are covered in fur. (AC +1)
You are weak. (Str -2)


Message History

Your +0 helmet falls away!
Okay, then.
Unknown command.
There is an open door to the Dungeon, spattered with blood here.
There is an open door to the Dungeon, spattered with blood here.
You see here 3 bolts.
You start waiting.
Done waiting.
Things that are here:
a dagger; a robe; 2 bolts
Items here: ( )) [ a trident; a robe; an uncursed arbalest; 14 bolts A yaktaur captain comes into view.
The yaktaur captain shouts!
The yaktaur captain wields an arbalest.
The yaktaur captain shoots a bolt.
You block the bolt.
You see here a bolt.
A yaktaur captain is nearby!
The yaktaur captain shoots a bolt.
The bolt hits you!!
You die...

..†..÷..........(.'...[[[..'....▓
▓▓▓▓▓▓▓▓▓▓▓▓▓▓▓▓▓▓▓▓▓▓▓▓▓▓▓▓▓▓▓.▓
(.§.............................▓
▓▓▓▓▓▓▓▓▓▓▓▓▓▓▓▓▓▓▓▓▓▓▓▓▓▓▓▓▓▓▓▓▓
....))))).∩.∩)∩.∩.....'.........▓
▓▓▓▓▓▓▓▓▓▓▓▓▓▓▓▓▓▓▓▓▓▓▓▓▓▓▓▓▓▓▓.▓
.(..............................▓
▓▓▓▓▓▓▓▓▓▓▓▓▓▓▓▓▓▓▓▓▓▓▓▓▓▓▓▓▓▓▓▓▓
).....'())....(.@....c+ , *
▓▓▓▓▓▓▓▓▓▓▓▓▓▓▓▓▓▓▓▓▓▓▓ , , ,,,
,, , , , , , * * ** ** * ** ,, ,
, ,, , ,+ , , , ,,, * * * ** * *
* ,,, , , , ,, , ,,,, * * *** , ,
, ,,


You could see a yaktaur captain.

Vanquished Creatures
  A dire elephant (D)
  Josephine (D)
  A rakshasa (D)
  Harold (D)
  A hydra (D)
  A catoblepas (D)
  An ogre mage (D)
  Sonja (D)
  A hell knight (D)
  An unseen horror (D)
  A wizard (D)
  4 orc knights (D)
  An orc sorcerer (D)
  An ugly thing (D)
  8 elephants (D)
  Joseph (D)
  4 spiny frogs (D)
  A yaktaur (shapeshifter) (D)
  A yaktaur (D)
  A troll (D)
  A slime creature (D)
  A hippogriff (D)
  3 wraiths (D)
  A wyvern (D)
  A human (shapeshifter) (D)
  2 water moccasins (D)
  3 porcupines (D)
  19 orc warriors (D)
  An ice beast (D)
  A sky beast (D)
  An eye of draining (D)
  A wolf (D)
  A centaur (D)
  4 crocodiles (D)
  4 bullfrogs (D)
  A killer bee (D)
  2 crimson imps (D)
  A hound (D)
  3 orc priests (D)
  4 orc wizards (D)
  A gnoll shaman (D)
  An adder (D)
  An adder skeleton (D)
  A dart slug (D)
  5 orcs (D)
  A giant cockroach (D)
  A goblin (D)
  A jackal (D)
  3 kobolds (D)
  A quokka skeleton (D)
104 creatures vanquished.

Vanquished Creatures (others)
  An unseen horror (D)
  A necromancer (D)
  A bat zombie (D)
3 creatures vanquished.

Grand Total: 107 creatures vanquished

Notes
Turn   | Place    | Note
-------+----------+-------------------------------------------
     0 | D        | 0nlyNaCj the Deep Dwarf Fighter began the quest for the Orb.
     0 | D        | Reached XP level 1. HP: 20/20 MP: 1/1
    18 | D        | Noticed an ice beast
    18 | D        | Noticed a gnoll shaman
    21 | D        | Reached XP level 2. HP: 26/28 MP: 2/2
    39 | D        | Killed an ice beast
    39 | D        | Reached skill level 5 in Fighting
    39 | D        | Reached skill level 5 in Armour
    39 | D        | Reached XP level 3. HP: 32/39 MP: 3/3
    39 | D        | Reached XP level 4. HP: 38/46 MP: 4/4
    47 | D        | Reached skill level 5 in Maces & Flails
    47 | D        | Reached XP level 5. HP: 32/52 MP: 5/5
    56 | D        | Found a roughly hewn altar of Beogh.
    56 | D        | Found a snail-covered altar of Cheibriados.
    56 | D        | Found a shadowy altar of Dithmenos.
    56 | D        | Found a white marble altar of Elyvilon.
    56 | D        | Found a blossoming altar of Fedhas.
    56 | D        | Found an opulent altar of Gozag.
    57 | D        | Found a hazy altar of Hepliaklqana.
    58 | D        | Found a viscous altar of Jiyva.
    59 | D        | Found an ancient bone altar of Kikubaaqudgha.
    60 | D        | Found a corrupted altar of Lugonu.
    61 | D        | Found a burning altar of Makhleb.
    62 | D        | Found a sparkling altar of Nemelex Xobeh.
    63 | D        | Found an iron altar of Okawaru.
    64 | D        | Found a stormy altar of Qazlal.
    65 | D        | Found a sacrificial altar of Ru.
    66 | D        | Found a deep blue altar of Sif Muna.
    67 | D        | Found a bloodstained altar of Trog.
    68 | D        | Found a hide-covered altar of Uskayaw.
    69 | D        | Became a worshipper of Makhleb the Destroyer
    70 | D        | Found a radiant altar of Vehumet.
    71 | D        | Found a shimmering altar of Xom.
    72 | D        | Found a basalt altar of Yredelemnul.
    73 | D        | Found a glowing silver altar of Zin.
    74 | D        | Found a glowing golden altar of the Shining One.
    92 | D        | Got the +2 morningstar "Viser" {chaos, *Noise rElec Str+4 SInv}
   122 | D        | Noticed a sky beast
   122 | D        | Noticed an eye of draining
   124 | D        | Killed a sky beast
   137 | D        | Reached * piety under Makhleb
   137 | D        | Reached XP level 6. HP: 41/63 MP: 0/6
   145 | D        | Reached ** piety under Makhleb
   205 | D        | Noticed an unseen horror
   205 | D        | Noticed a troll
   205 | D        | Noticed a hippogriff
   205 | D        | Noticed a water moccasin
   217 | D        | Killed an unseen horror
   217 | D        | Reached skill level 10 in Armour
   217 | D        | Reached skill level 10 in Shields
   217 | D        | Reached XP level 7. HP: 66/75 MP: 7/7
   224 | D        | Killed a troll
   224 | D        | Reached XP level 8. HP: 78/84 MP: 8/8
   231 | D        | Killed a hippogriff
   234 | D        | Reached *** piety under Makhleb
   354 | D        | Noticed a spiny frog
   354 | D        | Noticed a spiny frog
   355 | D        | Reached skill level 10 in Maces & Flails
   365 | D        | Killed a spiny frog
   365 | D        | Reached **** piety under Makhleb
   367 | D        | Gained mutation: You passively map the area around you. [Deep Dwarf growth]
   367 | D        | Reached XP level 9. HP: 75/93 MP: 9/9
   375 | D        | Killed a spiny frog
   375 | D        | Reached skill level 10 in Fighting
   386 | D        | Reached ***** piety under Makhleb
   405 | D        | Noticed a spiny frog
   405 | D        | Noticed a spiny frog
   412 | D        | Noticed a seven-headed hydra
   415 | D        | Killed a spiny frog
   422 | D        | Killed a spiny frog
   427 | D        | Killed a seven-headed hydra
   427 | D        | Reached XP level 10. HP: 105/105 MP: 10/10
   445 | D        | Reached ****** piety under Makhleb
   465 | D        | Noticed an elephant
   465 | D        | Noticed an elephant
   465 | D        | Noticed an elephant
   465 | D        | Noticed an elephant
   465 | D        | Noticed an elephant
   465 | D        | Noticed an elephant
   481 | D        | Noticed an elephant
   488 | D        | Killed an elephant
   491 | D        | Killed an elephant
   492 | D        | Killed an elephant
   497 | D        | Killed an elephant
   506 | D        | Killed an elephant
   511 | D        | Killed an elephant
   513 | D        | Killed an elephant
   523 | D        | Killed an elephant
   532 | D        | Noticed a dire elephant
   544 | D        | Killed a dire elephant
   544 | D        | Reached XP level 11. HP: 105/115 MP: 11/11
   631 | D        | Noticed Sonja
   677 | D        | Noticed Josephine
   694 | D        | Killed Josephine
   704 | D        | Killed Sonja
   704 | D        | Reached skill level 15 in Armour
   704 | D        | Reached skill level 15 in Shields
   832 | D        | Noticed an orc sorcerer
   836 | D        | Reached skill level 1 in Invocations
   840 | D        | Reached skill level 1 in Evocations
   847 | D        | Killed an orc sorcerer
   900 | D        | Found Oklucroi's Armour Emporium.
   900 | D        | Noticed an orc knight
   900 | D        | Noticed an orc knight
   900 | D        | Noticed an orc knight
   900 | D        | Noticed an orc knight
   914 | D        | Killed an orc knight
   925 | D        | Killed an orc knight
   925 | D        | Reached skill level 5 in Invocations
   925 | D        | Reached skill level 5 in Evocations
   935 | D        | Killed an orc knight
   946 | D        | Killed an orc knight
   953 | D        | Found Ezisog's Food Shoppe.
   971 | D        | Found Horiamni's Assorted Antiques.
   977 | D        | Found Noyrag's Weapon Shoppe.
   979 | D        | Noticed an orc knight
   994 | D        | an orc knight changed into a yaktaur
  1022 | D        | Bought the +3 scale mail of the Failed Coup {rC- Str+8} for 393 gold pieces
  1022 | D        | Bought a +2 pair of gloves of strength for 236 gold pieces
  1041 | D        | Bought a dented ruby amulet for 140 gold pieces
  1041 | D        | Bought a scroll labeled WACKER JEOSYNI for 28 gold pieces
  1041 | D        | Bought a silvery potion for 25 gold pieces
  1041 | D        | Bought a potion of curing for 84 gold pieces
  1235 | D        | Noticed Harold
  1250 | D        | Killed Harold
  1250 | D        | Reached skill level 15 in Maces & Flails
  1258 | D        | Noticed Joseph
  1268 | D        | Killed Joseph
  1316 | D        | Got the +7 mace of Fymiex {freeze, -Tele rC++ rN++}
  1392 | D        | Noticed a wizard
  1392 | D        | Noticed an ogre mage
  1396 | D        | Noticed a catoblepas
  1404 | D        | Noticed a hell knight
  1404 | D        | Banished an unseen horror
  1404 | D        | Reached XP level 12. HP: 28/128 MP: 18/18
  1474 | D        | Killed an ogre mage
  1484 | D        | Killed a catoblepas
  1557 | D        | Reached skill level 10 in Invocations
  1557 | D        | Reached skill level 10 in Evocations
  1570 | D        | Noticed a rakshasa
  1603 | D        | Killed a rakshasa
  1615 | D        | Gained mutation: You are covered in fur. (AC +1) [mutagenic meat]
  1616 | D        | Gained mutation: You are weak. (Str -2) [mutagenic meat]
  1617 | D        | Gained mutation: You are agile. (Dex +2) [mutagenic meat]
  1619 | D        | Lost mutation: You are agile. (Dex +2) [mutagenic meat]
  1620 | D        | Gained mutation: You have a pair of small antennae on your head. [mutagenic meat]
  1730 | D        | Noticed a yaktaur captain
  1732 | D        | Shot with a bolt by a yaktaur captain

Vault maps used:
D:        linesprint

Skill      XL: |  1  2  3  4  5  6  7  8  9 10 11 12 |
---------------+-------------------------------------+-----
Fighting       | 3 5 6 8 9 11 12 14 | 14.8
Armour         | 4 5 6 7 10 11 13 14 15 | 15.1
Shields        | 4 6 7 10 11 13 14 15 | 15.2
Maces & Flails | 3 4 5 6 8 9 10 11 13 15 | 15.8
Invocations    | 8 10 | 10.7
Evocations     | 8 10 | 10.7

Action                   |  1- 3 |  4- 6 |  7- 9 | 10-12 || total
-------------------------+-------+-------+-------+-------++-------
Melee: Flail             |    29 |     8 |       |       ||    37
       Morningstar       |       |    34 |    89 |   305 ||   428
       Mace              |       |       |       |    83 ||    83
Evoke: Wand              |       |       |       |     2 ||     2
  Use: Potion            |       |       |       |     4 ||     4
 Stab: Confused          |       |       |       |     4 ||     4
       Paralysed         |       |       |       |     4 ||     4
  Eat: Chunk             |       |       |       |    10 ||    10
Armor: Scale mail        |    13 |     2 |       |    26 ||    41
       Plate armour      |       |    12 |    46 |    65 ||   123
Dodge: Dodged            |     4 |     8 |    16 |    40 ||    68
Block: Shield            |    13 |    19 |    58 |   181 ||   271
